 Dungeon Crawl Stone Soup version 0.17-a0-1442-g10bb59b (webtiles) character file.

52 HEYYEYAAE the Gusty (level 4, -2/32 HPs)
             Began as a Human Air Elementalist on June 27, 2015.
             Killed from afar by an orc wizard (4 damage)
             ... with a puff of flame
             ... on level 3 of the Dungeon.
             The game lasted 00:02:26 (1683 turns).

HEYYEYAAE the Gusty (Human Air Elementalist)        Turns: 1683, Time: 00:02:26

Health: -2/32      AC:  2    Str:  8    XL:     4   Next: 8%
Magic:  3/8        EV: 12    Int: 16    God:
Gold:   88         SH:  0    Dex: 14    Spells: 1 memorised, 7 levels left

rFire  + . .     SeeInvis .     d - +0 short sword
rCold  . . .     Clarity  .     a - +0 robe
rNeg   . . .     SustAt   .     (no shield)
rPois  .         Gourm    .     (no helmet)
rElec  .         Spirit   .     (no cloak)
rCorr  .         Warding  .     (no gloves)
rMut   .         Stasis   .     (no boots)
MR     .....                    (no amulet)
Stlth  ++........               (no ring)
                                m - ring of protection from fire

@: not resistant to hostile enchantments, unstealthy
A: no striking features
a: no special abilities


You were on level 3 of the Dungeon.
You were not hungry.

You visited 1 branch of the dungeon, and saw 3 of its levels.

You collected 88 gold pieces.

Inventory:

Hand weapons
 d - a +0 short sword (weapon)
Armour
 a - a +0 robe (worn)
Jewellery
 m - a ring of protection from fire (left hand)
Scrolls
 f - a scroll of remove curse {unknown}
 g - a scroll of fear {unknown}
 l - a scroll of enchant armour {unknown}
 n - 2 scrolls of enchant weapon {unknown}
 p - 2 scrolls of identify {unknown}
 q - a scroll of recharging {unknown}
Potions
 e - a potion of heal wounds {unknown}
 i - 2 potions of brilliance {unknown}
 k - a potion of magic {unknown}
 o - a potion of cure mutation {unknown}
 r - 2 potions of invisibility {unknown}
Books
 b - a book of Air

   Spells                             Type                      Level
   a - Shock                          Conjuration/Air              1
   b - Swiftness                      Charms/Air                   2
   c - Repel Missiles                 Charms/Air                   2
   d - Static Discharge               Conjuration/Air              3
   e - Lightning Bolt                 Conjuration/Air              5
Comestibles
 c - 2 bread rations
 h - 3 fruits
 j - a beef jerky


   Skills:
 + Level 1.0 Fighting
 + Level 0.8 Armour
 + Level 2.1 Dodging
 - Level 2.0 Stealth
 * Level 2.7 Spellcasting
 - Level 1.0 Conjurations
 * Level 3.6 Air Magic


You had 7 spell levels left.
You knew the following spells:

 Your Spells              Type           Power        Failure   Level  Hunger
a - Shock                 Conj/Air       #...         10%         1    #......


Dungeon Overview and Level Annotations

Branches:
Dungeon (3/15)

Altars:


Message History

The orc wizard is heavily wounded.
The zap hits the orc wizard.
The orc wizard is severely wounded.
The zap hits you! The orc hits you with a club.
* * * LOW HITPOINT WARNING * * *
The orc wizard hits you but does no damage.
Casting: Shock
Confirm with . or Enter, or press ? or * to list all spells.
Aiming: Shock
Press: ? - help, Shift-Dir - straight line, f/p - orc wizard
Aim: an orc wizard, wielding a dagger and wearing a robe (severely wounded, fast) That beam is likely to hit you.
Continue anyway?
The zap hits the orc wizard.
The orc wizard is severely wounded.
The zap misses the orc wizard.
The zap misses you. The orc wizard misses you. The orc hits you with a club.
* * * LOW HITPOINT WARNING * * *
The orc wizard points at you and mumbles some strange words.
The puff of flame hits you! You resist.
You die...

###
..#
###.#
#...#
#<#
#.#
#@#
#?oo#
#####


You could see an orc wizard and an orc.

Vanquished Creatures
  An adder (D:2)
  A worm (D:2)
  A giant gecko (D:1)
  An orc (D:3)
  7 bats
  2 giant cockroaches (D:2)
  3 goblins
  2 hobgoblins (D:2)
  4 jackals (D:2)
  A quokka (D:2)
  3 giant newts
  8 kobolds
  6 rats
40 creatures vanquished.

Notes
Turn   | Place    | Note
--------------------------------------------------------------
     0 | D:1      | HEYYEYAAE the Human Air Elementalist began the quest for the Orb.
     0 | D:1      | Reached XP level 1. HP: 13/13 MP: 3/3
   224 | D:1      | Reached XP level 2. HP: 10/20 MP: 0/5
   897 | D:2      | Reached XP level 3. HP: 23/25 MP: 3/6
  1274 | D:2      | Reached skill level 1 in Fighting
  1431 | D:2      | Reached XP level 4. HP: 32/32 MP: 1/8
  1683 | D:3      | Killed from afar by an orc wizard

Vault maps used:
D:1:      scummos_arrival_hexagon
D:2:      first_bread

Action                   |  1- 3 |  4- 6 || total
-------------------------+-------+-------++-------
Melee: Short sword       |    53 |     1 ||    54
       Unarmed           |     8 |       ||     8
 Cast: Shock             |    56 |     9 ||    65
 Stab: Sleeping          |     3 |       ||     3
  Eat: Chunk             |     2 |     1 ||     3
